Map: 赛博森林-天梯版

Players

Reynor - Winner!

  • Race: Zerg Zerg

Ryu

  • Race: Zerg Zerg

Event: WESG 2018 Grand Finals

VOD

Have the link to the VOD?

Description

Time

  • Played on: March 12, 2019, 4:15 a.m.
  • Length: 3:22

All games in this series

Show
View Real Time Build Order
Export as new Build Order

Reynor Zerg - Winner!

Build Orders: Pool First 

Get SALT Encoding   

  12  0:17  Spawning Pool  
  11  0:22  Drone  
  11  0:27  Drone  
  13  0:31  Drone  
  14  0:40  Overlord  
  14  1:03  Zergling x4  
  16  1:05  Zergling x2  
  17  1:15  Zergling x2  
  18  1:19  Hatchery  
  17  1:26  Zergling x2  
  18  1:37  Zergling x2  
  18  1:38  Queen  
  21  1:48  Overlord  
  21  1:58  Drone  
  22  2:10  Drone  
  22  2:13  Queen  
  25  2:21  Drone  
  22  2:31  Queen  
  22  2:32  Drone x2  
  25  2:44  Drone x2  
  28  2:52  Drone  
  28  2:53  Drone  
  30  3:01  Zergling x4  
  30  3:03  Zergling x2  
Show
View Real Time Build Order
Export as new Build Order

Ryu Zerg 

Build Orders: Hatch First 

Get SALT Encoding   

  12  0:00  Drone  
  13  0:13  Overlord  
  13  0:18  Drone  
  14  0:31  Drone x2  
  16  0:49  Hatchery  
  15  0:52  Drone  
  16  1:05  Spawning Pool  
  16  1:09  Drone  
  16  1:12  Extractor  
  16  1:14  Drone  
  16  1:18  Drone  
  16  1:22  Drone  
  18  1:31  Drone  
  19  1:52  Zergling x2  
  19  1:53  Queen  
  23  2:01  Zergling x4  
  23  2:03  Zergling x2  
  23  2:04  Queen  
  20  2:28  Zergling x4  
  16  2:37  Drone  
  13  2:54  Drone  
  14  3:02  Drone  
Tags
 
Add a new tag
Caveats
  • Supply blocks, unpowered buildings, or Contaminate may cause inaccurate times.
  • Supply counts are checked every 10 seconds.